 Dungeon Crawl Stone Soup version 0.24.0-125-gc4c63601f3 (webtiles) character file.

Game seed: 8415461516609263528, levelgen mode: deterministic

588 Peloso the Slasher (level 7, -3/61 HPs)
             Began as a Minotaur Fighter on Mar 20, 2020.
             Was a Follower of Okawaru.
             Killed by divine providence
             ... invoked by an orc priest
              (13 damage)
             ... on level 4 of the Dungeon.
             The game lasted 00:05:41 (2887 turns).

Peloso the Slasher (Minotaur Fighter)               Turns: 2887, Time: 00:05:42

Health: -3/61      AC: 13    Str: 21    XL:     7   Next: 15%
Magic:  6/6        EV:  6    Int:  5    God:    Okawaru [*.....]
Gold:   138        SH: 10    Dex: 11    Spells: 6/6 levels left

rFire    . . .     SeeInvis .   a - +0 long sword
rCold    . . .     Gourm    .   c - +0 shield
rNeg     . . .     Faith    .   h - +0 chain mail
rPois    .         Spirit   .   (helmet restricted)
rElec    .         Reflect  .   e - +0 cloak
rCorr    .         Harm     .   (no gloves)
MR       .....                  s - +1 pair of boots
Stlth    ..........             (no amulet)
HPRegen  0.20/turn              (no ring)
MPRegen  0.10/turn              (no ring)

@: no status effects
A: retaliatory headbutt, horns 2
a: Heroism, Renounce Religion


You were on level 4 of the Dungeon.
You worshipped Okawaru.
Okawaru was aware of your devotion.
You were hungry.

You visited 1 branch of the dungeon, and saw 4 of its levels.

You collected 138 gold pieces.

Inventory:

Hand Weapons
 a - a +0 long sword (weapon)
Armour
 b - a +0 scale mail
 c - a +0 shield (worn)
 e - a +0 cloak (worn)
 h - a +0 chain mail (worn)
 s - a +1 pair of boots (worn)
Wands
 p - a wand of polymorph (11)
Scrolls
 g - 4 scrolls of enchant armour {unknown}
 i - 6 scrolls of identify {unknown}
 j - 2 scrolls of teleportation {unknown}
 k - a scroll of remove curse {unknown}
 l - a scroll of fear {unknown}
 m - a scroll of enchant weapon {unknown}
Potions
 d - a potion of might
 n - a potion of haste
 o - a potion of degeneration {unknown}
 q - a potion of ambrosia
 r - a potion of curing {unknown}
Comestibles
 f - 2 rations


   Skills:
 + Level 5.0 Fighting
 + Level 6.0 Long Blades
 + Level 5.5 Armour
 + Level 2.1 Dodging
 + Level 5.5 Shields


You had 6 spell levels left.
You didn't know any spells.
Your spell library was empty.

Dungeon Overview and Level Annotations

Branches:
Dungeon (4/15)
 Temple: D:4-7

Altars:
Elyvilon
Okawaru
Uskayaw


Innate Abilities, Weirdness & Mutations

You reflexively headbutt those who attack you in melee.
You have a pair of horns on your head.


Message History

You block the orc wizard's attack.
The orc wizard mumbles some strange words.
The orc wizard flickers and vanishes!
Deactivating autopickup; reactivate with Ctrl-A.
The orc priest hits you with a +0 flail!
* * * LOW HITPOINT WARNING * * *
You block the orc wizard's attack.
Your shield and chain mail prevent you from hitting the orc priest.
The orc wizard hits you but does no damage.
Unknown command.
You barely miss the orc priest.
The orc wizard gestures at you while chanting.
The puff of flame hits you.
* * * LOW HITPOINT WARNING * * *
The orc priest hits you but does no damage.
Unknown command.
You closely miss the orc priest.
The orc priest invokes the aid of Beogh against you.
Beogh smites you!
You die...

....#.......#..# ...
#..#..........######.# #
#[.........##........##..
#........................
#.#..##.#....#...........
#....†#.(..).#..........#
###.#.††)†.)†.<.........#
#.####..#..)..........#
#.# #..o@o.....!......#
#.# #.#...............#
#.# #.#.##..#.########.
#.# #...##?.#.# #.#
######..... #.# #....?#
#########.### #.....#
#.....#.....## .......
.............## .......


You could see an orc priest and an orc wizard.

Vanquished Creatures
  Purgy (D:3)
  A centaur (D:2)
  A bullfrog skeleton (D:4)
  2 orc wizards
  An orc priest (D:4)
  Crazy Yiuf (D:2)
  A worker ant (D:3)
  7 gnolls (D:3)
  7 adders
  An ooze (D:2)
  A worm (D:3)
  A dart slug (D:1)
  3 leopard geckos
  17 orcs
  6 giant cockroaches
  9 goblins
  9 hobgoblins
  6 jackals
  2 ball pythons
  8 bats
  5 frilled lizards
  4 kobolds
  A leopard gecko skeleton (D:4)
  5 rats
100 creatures vanquished.

Notes
Turn   | Place    | Note
-------+----------+-------------------------------------------
     0 | D:1      | Peloso the Minotaur Fighter began the quest for the Orb.
     0 | D:1      | Reached XP level 1. HP: 19/19 MP: 0/0
    85 | D:1      | Reached XP level 2. HP: 20/27 MP: 1/1
   583 | D:2      | Noticed a centaur
   596 | D:2      | Killed a centaur
   596 | D:2      | Reached skill level 3 in Long Blades
   596 | D:2      | Reached XP level 3. HP: 5/33 MP: 2/2
   596 | D:2      | Reached XP level 4. HP: 7/40 MP: 3/3
   965 | D:2      | Found a white marble altar of Elyvilon.
  1063 | D:2      | Reached skill level 4 in Long Blades
  1073 | D:2      | Found a hide-covered altar of Uskayaw.
  1074 | D:2      | Noticed a -1 dagger
  1074 | D:2      | Noticed a +0 dagger
  1236 | D:2      | Found an iron altar of Okawaru.
  1354 | D:2      | Became a worshipper of Warmaster Okawaru
  1403 | D:2      | Reached skill level 1 in Dodging
  1403 | D:2      | Reached XP level 5. HP: 46/46 MP: 4/4
  1526 | D:2      | Found a runed translucent door.
  1527 | D:2      | Noticed Crazy Yiuf
  1758 | D:2      | Killed Crazy Yiuf
  1933 | D:3      | Noticed Purgy
  1951 | D:3      | Killed Purgy
  1951 | D:3      | Reached skill level 5 in Long Blades
  1951 | D:3      | Reached XP level 6. HP: 25/53 MP: 5/5
  2102 | D:3      | Found a faded altar of an unknown god.
  2215 | D:3      | Reached skill level 5 in Armour
  2215 | D:3      | Reached skill level 5 in Shields
  2274 | D:3      | Reached * piety under Okawaru
  2841 | D:4      | Reached skill level 6 in Long Blades
  2841 | D:4      | Reached XP level 7. HP: 38/60 MP: 6/6
  2878 | D:4      | Reached skill level 5 in Fighting
  2887 | D:4      | Killed from afar by an orc priest

Levels and vault maps discovered:
D:1:      minmay_arrival_stone_box, layout_loops_ring
D:2:      layout_loops_cross, elyvilon_altar_1, okawaru_metal_pillars_1_2,
          dancing_weapons_uskayaw, uniq_crazy_yiuf_cottage
D:3:      layout_loops_ring, chequers_ecumenical_altar_simple, uniq_purgy
D:4:      layout_rooms, ashenzari_conservatory_becter,
          minmay_temple_entry_gardened_gates, gup_sewer_entry_bowl,
          kennysheep_orc_chapel, uniq_ijyb

Skill      XL: |  1  2  3  4  5  6  7 |
---------------+----------------------+-----
Shields        | 4 5 |  5.5
Fighting       | 4 5 |  5.0
Armour         | 4 5 |  5.5
Long Blades    | 3 4 5 6 |  6.0
Dodging        | 1 2 |  2.1

Action                   |  1- 3 |  4- 6 |  7- 9 || total
-------------------------+-------+-------+-------++-------
Melee: Long sword        |    48 |   217 |    24 ||   289
       Headbutt          |    12 |    40 |     4 ||    56
  Use: Potion            |       |     4 |     1 ||     5
  Eat: Chunk             |       |     6 |       ||     6
Armor: Scale mail        |     5 |       |       ||     5
       Chain mail        |    17 |   127 |    27 ||   171
Dodge: Dodged            |    15 |    63 |    11 ||    89
Block: Shield            |    27 |   120 |    10 ||   157
       Rpst.: Long sword |     4 |    11 |     4 ||    19
